[Event "Early-Titled-Tuesday-Blitz-December-26-2023"]
[Site "Chess.com"]
[Date "2023.12.26"]
[Round "5"]
[White "Virgo15"]
[Black "anasta10"]
[Result "1-0"]
[WhiteElo "2764"]
[BlackElo "2567"]
[TimeControl "180+1"]
[EndTime "8:56:32 PST"]
[Termination "Virgo15 won by resignation"]

1. d4 Nf6 2. Bf4 g6 3. Nc3 Bg7 4. e4 d6 5. Qd2 a6 6. Bh6 Bxh6 7. Qxh6 Nbd7 8. O-O-O c6 9. e5 Ng4 10. Qg7 Rf8 11. Ne4 d5 12. h3 dxe4 13. hxg4 Qa5 14. Bc4 Nb6 15. Bb3 Bxg4 16. f3 exf3 17. gxf3 Bh5 18.
e6 f6 19. Kb1 Qb4 20. a3 Qd6 21. c4 Qc7 22. Rxh5 gxh5 23. c5 Nd5 24. Bxd5 cxd5 25.
Qxh7 O-O-O 26. Qxh5 Qg3 27. Qf5 Rg8 28. Ka2 Qg6 29.
Qf4 Qc2 30. Rc1 Qa4 31. Ne2 Rg2 32. Qe3 Rdg8 33. Nf4 R2g5 34. Qc3 Qc6 35. Qb3 Rd8 36. Rh1 Kb8 37. Rh7 Rf5 38. Qe3 Ka7 39. Rxe7 Qb5 40.
Ne2 Re8 41. Rd7 Rh5 42. Nf4 Rhh8 43. Qb3 Qc4 44. Qxc4 dxc4 45. c6 Kb6 46. c7 Kc6 47.
d5+ Kb6 48. d6 Rc8 49. e7 Rhe8 50. Rd8 Kc6 51. d7 1-0

[Event "Early-Titled-Tuesday-Blitz-December-26-2023"]
[Site "Chess.com"]
[Date "2023.12.26"]
[Round "5"]
[White "Sina_Movahed"]
[Black "Drags95"]
[Result "1-0"]
[WhiteElo "3022"]
[BlackElo "2798"]
[TimeControl "180+1"]
[EndTime "8:56:34 PST"]
[Termination "Sina_Movahed won by resignation"]

1. Nf3 d5 2. c4 c6 3. g3 Nf6 4. Bg2 dxc4 5. O-O Nbd7 6. Na3 Nb6 7. Qc2 Be6 8. Rd1 g6 9. d3 cxd3 10. Rxd3 Qc8 11. Nd4 Bg7 12. Nxe6 Qxe6 13. Re3 Qd7 14. Nc4 Nxc4 15. Qxc4 O-O 16. Rd3 Qc7 17. Bf4 Qc8 18.
Rad1 Nd5 19. Bxd5 cxd5 20. Qxd5 Bxb2 21. Rb3 Bf6 22. Bh6 Rd8 23. Qxd8+ Qxd8 24. Rxd8+ Rxd8 25. Rxb7 a6 26. Ra7 Bg7 27. Be3 h5 28. Rxa6 h4 29. Kg2 hxg3 30. hxg3 Bd4 31. Bf4 f6 32. a4 Rc8 33. a5 Rc2 34. e3 g5 35. Bxg5 Bc3 36. Bh4 Ra2 37. Ra8+ Kf7 38. a6 f5 39. Ra7 Bb4 40. Kf3 Bc5 41. Rc7 Bd6 42. Rc6 Ke6 43. Rb6 Kd5 44. g4 fxg4+ 45. Kxg4 Ra4+ 46. Kh3 Kc5 47. Rb7 Rxa6 48. Bg3 e6 49. Rd7 Bxg3 50. Kxg3 Ra2 51.
f3 Kc6 52. Rd3 Ra4 53. e4 Ra1 54. Kf4 Ra5 55. Rd2 Rb5 56. Kg4 Ra5 57. f4 Rb5 58. f5 exf5+ 59. exf5 1-0

[Event "Early-Titled-Tuesday-Blitz-December-26-2023"]
[Site "Chess.com"]
[Date "2023.12.26"]
[Round "5"]
[White "LeoLV10"]
[Black "rikchessmx"]
[Result "1-0"]
[WhiteElo "2471"]
[BlackElo "2207"]
[TimeControl "180+1"]
[EndTime "8:56:36 PST"]
[Termination "LeoLV10 won by checkmate"]

1. e4 e5 2. Nf3 Nc6 3. Bb5 Bc5 4. O-O Qf6 5. c3 Nge7 6. Re1 a6 7. Ba4 b5 8. Bb3 O-O 9. d4 exd4 10. e5 Qg6 11. cxd4 Bb6 12. Bc2 Qh5 13. Nc3 d5 14. exd6 cxd6 15. d5 Ne5 16. Nxe5 Qxd1 17. Bxd1 dxe5 18.
Rxe5 Ng6 19. Re1 Bf5 20. Bf3 Rad8 21. Be3 Ba5 22. a3 Ne5 23. b4 Nxf3+ 24. gxf3 Bc7 25.
Bc5 Rfe8 26. Rxe8+ Rxe8 27. d6 Bd8 28. Nd5 Bd7 29. Rd1 Re2 30. Bb6 Bh4 31. Be3 f5 32. Nb6 f4 33. Bc5 Bc6 34. d7 Bxf3 35. d8=Q+ Bxd8 36. Rxd8+ Kf7 37. Rd1 Ra2 38. Re1 Rxa3 39. Nd7 Bd5 40. Ne5+ Kf6 41. Nd7+ Kf5 42. Re5+ Kg4 43.
Re1 g5 44. Nf6+ Kf5 45. Nxd5 Rd3 46. Ne7+ Kg4 47. Nc6 Kh3 48. Ne5 Rc3 49. Nf7 g4 50. Ng5+ Kh4 51. Ne4 Rc2 52. Be7+ Kh5 53. Nf6+ Kg5 54.
Nd5+ Kf5 55. Bc5 a5 56. Nb6 axb4 57. Bxb4 Rb2 58. Nd5 Kg5 59. Re5+ Kh4 60. Be7+ Kh3 61. Rh5# 1-0

[Event "Early-Titled-Tuesday-Blitz-December-26-2023"]
[Site "Chess.com"]
[Date "2023.12.26"]
[Round "5"]
[White "sokidze"]
[Black "chessdiamant"]
[Result "1-0"]
[WhiteElo "2784"]
[BlackElo "2570"]
[TimeControl "180+1"]
[EndTime "8:56:38 PST"]
[Termination "sokidze won by resignation"]

1. e4 e6 2. d4 d5 3. Nd2 Nf6 4. e5 Nfd7 5. Bd3 c5 6. c3 Nc6 7. Ne2 cxd4 8. cxd4 f6 9. exf6 Nxf6 10. O-O Bd6 11.
Nf3 Qc7 12. h3 O-O 13. Be3 Bd7 14. Rc1 Be8 15. Ng5 Qe7 16. f4 h6 17. Nf3 Ne4 18.
Bxe4 dxe4 19. Nd2 Nb4 20. Nxe4 Nxa2 21. Ra1 Nb4 22. N2c3 Bc6 23. Kh1 a6 24. Qd2 Rad8 25.
Rae1 Nd5 26. Nxd6 Nxe3 27. Qxe3 Qxd6 28. Rd1 b5 29. Rf2 b4 30. Ne4 Qd5 31. Nc5 Rf6 32.
Nxa6 Rg6 33. Nxb4 Qh5 34. Nxc6 Qxd1+ 35. Kh2 Re8 36. b4 Qa4 37. d5 Qb5 38. Rd2 Rf6 39. Qe4 Ref8 40. dxe6 Rxf4 41. Qd5 Qxd5 42. Rxd5 Re4 43.
e7 Re8 44. Rd8 Kf7 45. b5 R4xe7 46. Rxe8 Rxe8 47. b6 Re6 48. Nd8+ Ke7 49. Nxe6 Kxe6 50. b7 Kf6 51. b8=Q Kg6 52. Qe5 Kh7 53. Kg3 Kg6 54. Kg4 Kf7 55. Kf5 g6+ 56. Ke4 Kg8 57. Qf6 Kh7 58. Qf7+ Kh8 59. Qxg6 1-0

[Event "Early-Titled-Tuesday-Blitz-December-26-2023"]
[Site "Chess.com"]
[Date "2023.12.26"]
[Round "5"]
[White "Korchmar_Vasiliy"]
[Black "Vladimir_Zakhartsov"]
[Result "1-0"]
[WhiteElo "2796"]
[BlackElo "2873"]
[TimeControl "180+1"]
[EndTime "8:56:39 PST"]
[Termination "Korchmar_Vasiliy won on time"]

1. e4 c5 2. d4 cxd4 3. Qxd4 Nc6 4. Qd3 Nf6 5. Nc3 e6 6. Bf4 a6 7. O-O-O b5 8. e5 b4 9. exf6 bxc3 10. Qxc3 Qxf6 11.
Qxf6 gxf6 12. Ne2 d5 13. Bg3 Bb7 14. Nf4 O-O-O 15. a3 Be7 16. Be2 f5 17. Bh5 Bg5 18. Kb1 Rd7 19. Rhe1 Rhd8 20. Nd3 Re7 21. Nc5 Bf6 22.
Rd3 Rg8 23. Bd6 Rxg2 24. Bxe7 Nxe7 25. Bxf7 e5 26. Nxb7 Kxb7 27. Rxd5 Rxf2 28. Rd6 Bh4 29. Rxe5 Kc7 30. Rxa6 Rxh2 31. Bb3 Nc8 32. Rh6 Bg3 33. Rxh2 Bxh2 34. Rxf5 h6 35. Rf6 h5 36. Rh6 Bd6 37. Rxh5 Ne7 38. a4 Nc6 39. c3 Ne5 40. Kc2 Kc6 41. Rh4 Nf3 42. Re4 Ne5 43. Bc4 Kc5 44. Bb5 Nf7 45. b4+ Kb6 46. Re6 Kc7 47. a5 Ng5 48. Re2 Nf3 49. Bd3 Ne5 50. b5 Ng4 51.
Be4 Nf6 52. b6+ Kd7 53. Bf3 Nh7 54. a6 1-0

[Event "Early-Titled-Tuesday-Blitz-December-26-2023"]
[Site "Chess.com"]
[Date "2023.12.26"]
[Round "5"]
[White "MrrRefrao"]
[Black "IlanSchnaider"]
[Result "1-0"]
[WhiteElo "2564"]
[BlackElo "2680"]
[TimeControl "180+1"]
[EndTime "8:56:39 PST"]
[Termination "MrrRefrao won by checkmate"]

1. Nf3 Nf6 2. g3 g6 3. Bg2 Bg7 4. O-O O-O 5. d3 d5 6. Nbd2 a5 7. a4 Nc6 8. e4 dxe4 9. dxe4 Bg4 10. h3 Bxf3 11. Bxf3 Nd7 12. Nc4 Nde5 13. Nxe5 Nxe5 14. Be2 Qc8 15. Kg2 Rd8 16. Qe1 Nc6 17. f4 Nd4 18.
Bd1 f5 19. c3 Nc6 20. Bb3+ Kh8 21. e5 b6 22. Qe2 Qb7 23. Kh2 Nb8 24. Be3 Nd7 25.
Rfd1 Nc5 26. Bxc5 bxc5 27. Bc4 h5 28. b3 Kh7 29. Qg2 Qb6 30. g4 Bh6 31. g5 Bg7 32. Qf3 c6 33. Kg2 Qc7 34. Kf2 Rab8 35. Ke2 Qb6 36. Kf2 Qc7 37. Rxd8 Rxd8 38. Rd1 Rd7 39. Ke1 Qd8 40. Rxd7 Qxd7 41. Qd1 Qc7 42. Qd3 Bf8 43. Be6 Bg7 44. Kd2 Qb7 45. Kc2 Qc7 46. Qa6 Qd8 47. Qc4 Qb6 48. Bg8+ Kh8 49. Bf7 Kh7 50. Qe6 Qc7 51. Qxg6+ Kh8 52. Qxh5+ Bh6 53. Qxh6# 1-0

[Event "Early-Titled-Tuesday-Blitz-December-26-2023"]
[Site "Chess.com"]
[Date "2023.12.26"]
[Round "5"]
[White "wqws"]
[Black "SARGISMV"]
[Result "0-1"]
[WhiteElo "2720"]
[BlackElo "2532"]
[TimeControl "180+1"]
[EndTime "8:56:41 PST"]
[Termination "SARGISMV won by checkmate"]

1. e4 e6 2. d4 d5 3. Nc3 Bb4 4. e5 c5 5. a3 Bxc3+ 6. bxc3 Ne7 7. Nf3 b6 8. a4 Ba6 9. Bxa6 Nxa6 10. Qd3 Nb8 11.
O-O Nd7 12. Ng5 h6 13. Qh3 Ng6 14. Nxe6 fxe6 15. Qxe6+ Ne7 16. f4 Nf8 17. Qg4 g6 18.
a5 Nf5 19. Ba3 h5 20. Qf3 cxd4 21. cxd4 Ne6 22. c3 b5 23. a6 Kf7 24. Rab1 Qd7 25. Qd3 Rab8 26. g3 Qc6 27. h3 Qxa6 28. Bb4 Qa2 29.
Rf2 Qc4 30. Qf3 a5 31. Bxa5 Ra8 32. Bb4 Ra2 33. g4 hxg4 34. hxg4 Rxf2 35. Qxf2 Qd3 36.
Ra1 Qh3 37. Ra7+ Ke8 38. Ra8+ Nd8 39. Qg2 Qe3+ 40. Qf2 Rh1+ 41. Kxh1 Qxf2 42. gxf5 gxf5 43.
Ba5 Qf3+ 44. Kh2 Qe2+ 45. Kh1 Qf1+ 46. Kh2 Qxf4+ 47. Kh1 Qf3+ 48. Kh2 Qf2+ 49. Kh1 Qe1+ 50. Kh2 Qe2+ 51. Kh1 f4 52. Rxd8+ Ke7 53. Ra8 f3 54.
Bb4+ Ke6 55. Re8+ Kd7 56. Rf8 Qg2# 0-1

[Event "Early-Titled-Tuesday-Blitz-December-26-2023"]
[Site "Chess.com"]
[Date "2023.12.26"]
[Round "5"]
[White "zubridis"]
[Black "NowInChess"]
[Result "1-0"]
[WhiteElo "2560"]
[BlackElo "2301"]
[TimeControl "180+1"]
[EndTime "8:56:41 PST"]
[Termination "zubridis won on time"]

1. e4 e6 2. d4 d5 3. Nd2 Nc6 4.
Ngf3 Nf6 5. e5 Nd7 6. Be2 f6 7.
exf6 Qxf6 8. Nf1 Bd6 9. Ne3 O-O 10. O-O Nb6 11. c4 dxc4 12. Nxc4 Nxc4 13. Bxc4 Nb4 14.
Re1 c6 15. a3 Nd5 16. Qe2 Bd7 17. Qe4 Rae8 18. Bg5 Qf5 19. Bh4 Qxe4 20. Rxe4 Rf4 21. Rae1 Rxe4 22. Rxe4 h6 23. Bg3 Bxg3 24. hxg3 Nf6 25.
Re1 Ng4 26. Bb3 a5 27. Re4 Nf6 28. Re5 b6 29. Nd2 Ng4 30. Re4 Nf6 31. Re1 Kf7 32.
Nc4 Nd5 33. Nd6+ Ke7 34. Nxe8 Bxe8 35. Bxd5 cxd5 36. Rc1 Kd7 37. f4 Bg6 38. Kf2 Be4 39. g4 g6 40. g3 h5 41. gxh5 gxh5 42. Ke3 Bf5 43. Rh1 Bg4 44. Rc1 Bf5 45. b4 a4 46.
b5 Bg4 47. Rc6 Bd1 48. Rxb6 Bb3 49. Rb7+ Kc8 50. Rh7 1-0

[Event "Early-Titled-Tuesday-Blitz-December-26-2023"]
[Site "Chess.com"]
[Date "2023.12.26"]
[Round "5"]
[White "Let_it_be_1"]
[Black "PeshkaCh"]
[Result "0-1"]
[WhiteElo "2580"]
[BlackElo "2834"]
[TimeControl "180+1"]
[EndTime "8:56:47 PST"]
[Termination "PeshkaCh won by resignation"]

1. e4 e5 2. Nf3 Nc6 3. Bb5 a6 4. Ba4 Nge7 5. d4 exd4 6. Nxd4 Ng6 7. Nf5 d5 8. Qxd5 Qxd5 9. exd5 Bxf5 10. dxc6 b5 11.
Bb3 Be4 12. O-O Bxc6 13. Nc3 Rd8 14. Bg5 Be7 15. Rfe1 Rd7 16. Bxe7 Rxe7 17. Nd5 Bxd5 18. Bxd5 O-O 19. Rxe7 Nxe7 20. Bb7 Rb8 21. Rd1 g6 22. Bxa6 Rb6 23. Bc8 Kg7 24. Bg4 h5 25. Bf3 Nf5 26.
Rd7 c5 27. Bd5 Rf6 28. c3 b4 29. Rc7 bxc3 30. bxc3 Kf8 31. g3 Ne7 32. Rxc5 Rd6 33. c4 Rb6 34. a4 Nf5 35. Rc7 Rb1+ 36. Kg2 Rb2 37. Rxf7+ Ke8 38. Rb7 Ra2 39. Rb6 Ne3+ 40.
Kf3 Ng4 41. Rxg6 Ne5+ 42. Kf4 Nxg6+ 43. Kg5 Ne7 44. Kxh5 Rxf2 45. h4 Nxd5 46. cxd5 Kf7 47. g4 Rd2 48. g5 Rxd5 49. Kh6 Rd6+ 50. Kh7 Rg6 51. a5 Rg7+ 52. Kh6 Rg8 53. Kh7 Rg7+ 54. Kh6 Kg8 55. g6 Ra7 56. h5 Rxa5 57. g7 Ra6+ 58. Kg5 Kxg7 0-1

[Event "Early-Titled-Tuesday-Blitz-December-26-2023"]
[Site "Chess.com"]
[Date "2023.12.26"]
[Round "5"]
[White "Alex_Banzea"]
[Black "zverr1"]
[Result "1-0"]
[WhiteElo "2649"]
[BlackElo "2477"]
[TimeControl "180+1"]
[EndTime "8:56:48 PST"]
[Termination "Alex_Banzea won by resignation"]

1. d4 Nf6 2. Nc3 d5 3. Bf4 g6 4.
e3 Bg7 5. h4 h6 6. Nf3 c6 7.
Ne5 Nbd7 8. Bd3 Nxe5 9. Bxe5 h5 10. Qf3 O-O 11. Qf4 Ng4 12. Bxg7 Kxg7 13. f3 Nf6 14. O-O-O Qd6 15. Ne2 Re8 16. Qxd6 exd6 17. Kd2 Bd7 18. Nf4 Re7 19. Rde1 Rae8 20. a4 b6 21. a5 b5 22. b4 Bc8 23. c3 Bd7 24. g3 Bc8 25.
Ng2 Bd7 26. Re2 Bc8 27. Ne1 Bd7 28. Bc2 Bc8 29. Bd1 Bd7 30. Nc2 Bc8 31. Ree1 Bd7 32.
Be2 Bc8 33. Bf1 Bd7 34. Bh3 Bxh3 35. Rxh3 Nd7 36. Rh2 f5 37. Ree2 Nf6 38. Ne1 Kf7 39.
Nd3 Kg7 40. Nf4 Kf7 41. Nh3 Kg7 42. Ng5 Kg8 43. Re1 Kg7 44. Rhe2 Kg8 45. Kd3 Kg7 46. e4 dxe4+ 47. fxe4 fxe4+ 48. Nxe4 Nxe4 49. Rxe4 Rxe4 50. Rxe4 Rxe4 51. Kxe4 Kf6 52. d5 c5 53. c4 cxb4 54.
cxb5 b3 55. Kd3 Ke7 56. b6 axb6 57. a6 b2 58. Kc2 Kd7 59. a7 b1=Q+ 60. Kxb1 Kc7 61.
a8=Q b5 62. Qc6+ 1-0

[Event "Early-Titled-Tuesday-Blitz-December-26-2023"]
[Site "Chess.com"]
[Date "2023.12.26"]
[Round "5"]
[White "TheFireChess"]
[Black "UK_23"]
[Result "1/2-1/2"]
[WhiteElo "2509"]
[BlackElo "2335"]
[TimeControl "180+1"]
[EndTime "8:56:48 PST"]
[Termination "Game drawn by stalemate"]

1. e4 e5 2. d4 exd4 3. Qxd4 Nc6 4.
Qe3 Nf6 5. Bd2 Be7 6. c4 O-O 7. Nc3 Re8 8. O-O-O Bb4 9. f3 d6 10. Nge2 h6 11. g4 Bc5 12. Qf4 Ne5 13. Ng1 Bf2 14.
h4 h5 15. g5 Nh7 16. Be2 Nf8 17. Qh2 Bc5 18. Nh3 Bxh3 19. Qxh3 Qd7 20. Qg3 Nc6 21. f4 Nd4 22. Bxh5 c6 23. Bg4 Qe7 24. f5 b5 25. Be3 Qe5 26. Bf4 Qe7 27. f6 Qb7 28. fxg7 Nfe6 29. Bxe6 Rxe6 30. cxb5 cxb5 31. Nd5 Ne2+ 32.
Kb1 Nxg3 33. Bxg3 Rxe4 34. Nf6+ Kxg7 35. Nxe4 Qxe4+ 36. Ka1 Re8 37. h5 a5 38. g6 fxg6 39.
hxg6 Qxg6 40. Be1 a4 41. Bc3+ Kf7 42. Rhf1+ Ke6 43. Rf6+ Qxf6 44. Bxf6 Kxf6 45. Kb1 Re2 46. Rc1 a3 47. bxa3 Bxa3 48. Rc3 b4 49. Rd3 Rb2+ 50.
Ka1 Ke5 51. Rd5+ Ke4 52. Rd4+ Ke3 53. Rd3+ Ke2 54. Re3+ Kd2 55. Rd3+ Kc2 56. Rc3+ Kd1 57. Rc1+ Ke2 58. Re1+ Kd3 59. Re3+ Kc4 60. Rc3+ Kb5 61. Rc5+ Kb6 62. Rc6+ Kb7 63. Rc7+ Ka6 64. Rc6+ Kb5 65. Rc5+ Ka4 66. Ra5+ Kxa5 1/2-1/2

[Event "Early-Titled-Tuesday-Blitz-December-26-2023"]
[Site "Chess.com"]
[Date "2023.12.26"]
[Round "5"]
[White "SCIM"]
[Black "Yeritsyaan"]
[Result "1-0"]
[WhiteElo "2523"]
[BlackElo "2645"]
[TimeControl "180+1"]
[EndTime "8:56:51 PST"]
[Termination "SCIM won by checkmate"]

1. d4 Nf6 2. c4 g6 3. Nc3 Bg7 4.
e4 O-O 5. Bg5 c5 6. d5 d6 7. Qd2 a6 8. Nge2 b5 9. Ng3 b4 10. Nd1 a5 11. Be2 a4 12. Rc1 e6 13.
O-O exd5 14. exd5 Nbd7 15. h3 Re8 16. Re1 Ba6 17. Bf1 Qc7 18. Bf4 Nb6 19. Ne3 Ne4 20. Nxe4 Rxe4 21. Bg3 Rae8 22. Ng4 h5 23. Rxe4 Rxe4 24.
Ne3 Bh6 25. b3 Qe7 26. Re1 a3 27. Nf5 gxf5 28. Rxe4 Qf8 29. Bf4 fxe4 30. Bxh6 Qe7 31. Bg5 Qe5 32. Qe3 Nd7 33. Bf4 Qf6 34. Qg3+ Kh7 35. Bxd6 e3 36. fxe3 Bc8 37. Bd3+ Kh8 38. Bf4 Qa1+ 39. Kh2 Qg7 40. Qf3 Ne5 41. Qe4 Nxd3 42.
Qxd3 Qf6 43. Qe4 Qd8 44. Be5+ Kg8 45. Qf4 f5 46. Qh6 Qe7 47. Qh8+ Kf7 48. Qxh5+ Kf8 49. Qh6+ Ke8 50. Qc6+ Bd7 51. Qg6+ Kd8 52. Bf6 Be8 53. Bxe7+ Kxe7 54. Qe6+ Kf8 55. d6 Bf7 56. Qe7+ Kg7 57. d7 Kg6 58. d8=Q f4 59. Qf6+ Kh5 60. Qh4+ Kg6 61.
Qdg5# 1-0

[Event "Early-Titled-Tuesday-Blitz-December-26-2023"]
[Site "Chess.com"]
[Date "2023.12.26"]
[Round "5"]
[White "Flameboard08"]
[Black "ChessArchitect64"]
[Result "1-0"]
[WhiteElo "2556"]
[BlackElo "2293"]
[TimeControl "180+1"]
[EndTime "8:56:51 PST"]
[Termination "Flameboard08 won by checkmate"]

1. f4 e5 2. fxe5 d6 3. exd6 Bxd6 4. Nf3 g5 5. g3 g4 6. Nh4 Ne7 7.
e4 Ng6 8. Nf5 Bxf5 9. exf5 Ne5 10. Be2 Nbc6 11. c3 Qe7 12. O-O O-O-O 13. d4 h5 14. Kg2 h4 15. dxe5 hxg3 16. hxg3 Qxe5 17. Bf4 Qe4+ 18. Bf3 gxf3+ 19. Qxf3 Qxf3+ 20. Kxf3 Bxf4 21.
Kxf4 Rh2 22. b3 f6 23. Na3 Ne5 24. Rad1 Rg8 25. Rg1 Rxa2 26. Nc4 Rg4+ 27. Ke3 Nxc4+ 28. bxc4 Rxc4 29. Kd3 Rg4 30. Rde1 Ra6 31. Re8+ Kd7 32. Rf8 Rd6+ 33. Ke3 a5 34. Rf7+ Kc6 35. Ra1 Rxg3+ 36.
Kf4 Rxc3 37. Ke4 Rc5 38. Kf4 Rd4+ 39. Ke3 Rd6 40. Ke4 b6 41. Ra2 Re5+ 42. Kf4 Kb7 43. Rc2 Rc5 44. Re2 a4 45. Re6 a3 46. Rxd6 a2 47.
Rd1 Rc4+ 48. Ke3 Rc6 49. Ra1 Rc2 50. Rxf6 b5 51. Kd3 Rf2 52. Kc3 c5 53. Kb3 c4+ 54. Kb4 Rb2+ 55. Kc5 c3 56. Rg1 Rg2 57. Rxg2 a1=Q 58.
Rg7+ Ka8 59. Rf8# 1-0

[Event "Early-Titled-Tuesday-Blitz-December-26-2023"]
[Site "Chess.com"]
[Date "2023.12.26"]
[Round "5"]
[White "Grammnik"]
[Black "RamyresCoelho"]
[Result "0-1"]
[WhiteElo "2197"]
[BlackElo "2301"]
[TimeControl "180+1"]
[EndTime "8:56:53 PST"]
[Termination "RamyresCoelho won by checkmate"]

1. d4 Nf6 2. Nf3 g6 3. c4 Bg7 4.
Nc3 O-O 5. e4 d6 6. Be2 c6 7.
O-O Nbd7 8. Re1 e5 9. d5 c5 10.
a3 a6 11. Bg5 h6 12. Bxf6 Nxf6 13. b4 b6 14. bxc5 bxc5 15. Nd2 Rb8 16. Rb1 Bd7 17.
Qc2 Qc7 18. Rxb8 Rxb8 19. Rb1 Rxb1+ 20. Qxb1 Qa5 21. Qb2 Bg4 22. Nb3 Qb6 23. Na4 Qb7 24.
Bxg4 Nxg4 25. Qc3 Nf6 26. h3 Nxe4 27. Qc2 Nf6 28. Na5 Qc7 29. Nc6 Kh7 30. Nc3 Nd7 31.
Qa4 Qb6 32. Qc2 f5 33. h4 h5 34. Ne2 e4 35. Nf4 Ne5 36. Ne7 Qa5 37. Qe2 Qxa3 38. Nxh5 Qc1+ 39. Kh2 gxh5 40. Qxh5+ Qh6 41. Qxf5+ Kh8 42.
g3 Nf3+ 43. Kg2 Ne5 44. Qc8+ Bf8 45. Qe8 Qf6 46. Qh5+ Bh6 47. Nf5 Nf7 48. g4 Kg8 49. Nxh6+ Qxh6 50. Qf5 Qxh4 51. Qg6+ Kf8 52. Qe6 Qe7 53.
Qc8+ Kg7 54. Qxa6 Ne5 55. Qc8 Qf7 56. Kg3 Qf3+ 57. Kh4 Ng6+ 58. Kh5 Qh3+ 59. Kg5 Qh4+ 60. Kf5 Qxf2+ 61. Kxe4 Qe2+ 62. Kf5 Qe5# 0-1

[Event "Early-Titled-Tuesday-Blitz-December-26-2023"]
[Site "Chess.com"]
[Date "2023.12.26"]
[Round "5"]
[White "PolinaYanch"]
[Black "Azalea95"]
[Result "0-1"]
[WhiteElo "1702"]
[BlackElo "2343"]
[TimeControl "180+1"]
[EndTime "8:56:55 PST"]
[Termination "Azalea95 won on time"]

1. d4 Nf6 2. c4 e6 3. Nf3 d5 4. g3 Bb4+ 5. Bd2 Be7 6. Bg2 O-O 7. O-O c6 8. Qc2 Nbd7 9. Bg5 b6 10. Nbd2 Bb7 11.
e4 dxe4 12. Nxe4 c5 13. Nxf6+ Nxf6 14. Rad1 Qc7 15. Bf4 Bd6 16. Bxd6 Qxd6 17. a3 Bxf3 18. Bxf3 Rac8 19. d5 exd5 20. cxd5 Rfd8 21. Qc4 Nd7 22. Bg2 Ne5 23. Qf4 Ng6 24. Qa4 Rc7 25.
Rd2 Ne7 26. Rfd1 Nf5 27. Qg4 Nd4 28. Be4 Qf6 29. b4 Re7 30. bxc5 bxc5 31. Bg2 Red7 32. h4 h6 33. h5 Qe5 34. Qe4 Qxe4 35. Bxe4 Re7 36.
Bg2 Re5 37. g4 Rg5 38. f3 Re5 39. Kf2 Rexd5 40. f4 R5d6 41. Be4 g6 42. hxg6 fxg6 43.
Kg3 Kg7 44. Kf2 Rb6 45. Rd3 Rb2+ 46. R1d2 Rdb8 47. Ke3 R8b3 48. Rxb2 Rxb2 49. Bd5 Kf6 50. Ke4 Re2+ 51. Re3 Rxe3+ 52. Kxe3 h5 53. gxh5 gxh5 54.
Ke4 h4 55. Kd3 Kf5 0-1

[Event "Early-Titled-Tuesday-Blitz-December-26-2023"]
[Site "Chess.com"]
[Date "2023.12.26"]
[Round "5"]
[White "Zhigalko_Sergei"]
[Black "JimDiGrease"]
[Result "1-0"]
[WhiteElo "2897"]
[BlackElo "2977"]
[TimeControl "180+1"]
[EndTime "8:56:56 PST"]
[Termination "Zhigalko_Sergei won by resignation"]

1. e4 c5 2. c3 d5 3. exd5 Qxd5 4. d4 Nf6 5. Nf3 e6 6. Bd3 Be7 7. O-O O-O 8. Be3 Rd8 9. Qe2 b6 10. Nbd2 Bb7 11. Rfe1 Nc6 12. a3 cxd4 13. cxd4 Qh5 14.
Rad1 Rac8 15. Ba6 Bxa6 16. Qxa6 Qa5 17. Qe2 Qd5 18. h3 h6 19. Rc1 Rc7 20. Nc4 Rdc8 21. Rcd1 Na5 22. Nce5 Rc2 23. Rd2 Rxd2 24. Qxd2 Nb3 25.
Qd3 b5 26. Bf4 a6 27. Qd1 Ne4 28. Qe2 Nd6 29. Ng4 Nf5 30. Ne3 Qe4 31. Nxf5 Qxf5 32.
Qe3 Na5 33. Ne5 Rc2 34. Qg3 Kh7 35. Ng4 Nc4 36. b3 Nd2 37. Ne3 Qd3 38. Nxc2 Qxc2 39. Bxd2 Qxd2 40. Qe3 Qb2 41. b4 Bf6 42. Qe4+ g6 43. d5 exd5 44. Qxd5 Kg7 45. Qf3 Bc3 46. Re3 Qa1+ 47. Kh2 Bd4 48. Rd3 Be5+ 49. g3 Bf6 50.
Kg2 Qa2 51. Rd7 h5 52. Ra7 Qe6 53. Rc7 Be5 54. Rc6 Qd7 55. Rxa6 Bd4 56. Ra8 Bb2 57. Rb8 Ba1 58. Rb7 Qe6 59. Rxb5 1-0

[Event "Early-Titled-Tuesday-Blitz-December-26-2023"]
[Site "Chess.com"]
[Date "2023.12.26"]
[Round "5"]
[White "PabloZarnicki"]
[Black "CarlosjPineror"]
[Result "0-1"]
[WhiteElo "2640"]
[BlackElo "2502"]
[TimeControl "180+1"]
[EndTime "8:56:57 PST"]
[Termination "CarlosjPineror won by checkmate"]

1. e4 c5 2. Nf3 e6 3. b3 b6 4.
d4 cxd4 5. Nxd4 Bb7 6. Nb5 Bxe4 7. Bf4 Na6 8. Nd6+ Bxd6 9. Bxd6 Qf6 10. Nd2 Bb7 11. Nc4 Qc3+ 12. Ke2 Bd5 13. Qd3 Qxa1 14. f3 Rc8 15. Ne3 Bb7 16. Kf2 Qc3 17. Qxc3 Rxc3 18.
Be5 Rxe3 19. Bxg7 Rc3 20. Bxc3 f6 21. Bb5 Nc7 22. Bd3 Ba6 23. Bxa6 Nxa6 24. Rd1 Ke7 25. Rd4 Nc5 26. b4 Nb7 27. Rc4 Nd6 28. Rg4 Kf7 29.
Rf4 h5 30. h4 Rh6 31. g4 hxg4 32. fxg4 Rxh4 33. Kg3 Rh6 34. Kf3 Rg6 35. Rd4 Ke7 36. b5 Nxb5 37. Bb4+ d6 38. Rc4 Kd7 39. a4 Nc7 40. Rd4 d5 41. c4 Ne7 42. a5 bxa5 43.
Bxa5 Nc6 44. Rd1 Nxa5 45. Ra1 Nc6 46. c5 e5 47. Rh1 d4 48. Rh7+ Kc8 49. Ke4 Rxg4+ 50.
Kf5 Rf4+ 51. Kg6 d3 52. Rh2 Rd4 53. Rd2 e4 54. Kf5 e3 55. Rh2 d2 56. Kg6 d1=Q 57. Kf7 Qb3+ 58. Kf8 Rd8+ 59. Kg7 Qg8+ 60. Kxf6 Nd5+ 61.
Kf5 Re8 62. Rh6 Nd4# 0-1

[Event "Early-Titled-Tuesday-Blitz-December-26-2023"]
[Site "Chess.com"]
[Date "2023.12.26"]
[Round "5"]
[White "SaqoChess_Twitch"]
[Black "ural58"]
[Result "1/2-1/2"]
[WhiteElo "2644"]
[BlackElo "2486"]
[TimeControl "180+1"]
[EndTime "8:56:58 PST"]
[Termination "Game drawn - insufficient material"]

1. d4 d5 2. c4 e5 3. dxe5 d4 4. Nf3 Nc6 5. a3 g6 6. g3 Bg7 7.
Bg2 Nxe5 8. Nxe5 Bxe5 9. O-O c5 10. e3 Ne7 11. exd4 Qxd4 12. Qe2 Bg4 13. Qc2 O-O 14.
Re1 Bf6 15. Nc3 Qxc4 16. Bh6 Rfd8 17. Re4 Rd4 18. Rae1 Bf5 19. Rxd4 cxd4 20. Qa4 Qxa4 21. Nxa4 d3 22. Bxb7 Rd8 23. Bd2 Nd5 24. Bxd5 Rxd5 25. Nc3 Rd8 26. f3 a5 27. Kf2 Rb8 28. b4 h5 29. Nd5 Bd4+ 30. Be3 Bxe3+ 31. Kxe3 axb4 32. axb4 Be6 33. Nf4 Rxb4 34. Nxd3 Rb3 35. Kd4 Bf5 36.
Re8+ Kg7 37. Ne5 f6 38. Nc4 Rxf3 39. Nd6 Bh3 40. Re7+ Kg8 41. Re2 Rf1 42. Ne8 f5 43. Ke5 Kf7 44. Nd6+ Kg7 45. Ke6 Bg4 46. Re5 f4+ 47. Ke7 fxg3 48. hxg3 h4 49. gxh4 Rh1 50. Ne8+ Kh6 51. Nf6 Rxh4 52. Kf7 Bf5 53. Re1 Kg5 54.
Rg1+ Kf4 55. Ng8 Rh7+ 56. Kf6 Ra7 57. Nh6 Ra6+ 58. Kg7 Be4 59. Rf1+ Ke3 60. Nf7 Bd3 61. Rf6 Rxf6 62. Kxf6 Bc2 63. Ne5 Bb1 64. Nxg6 1/2-1/2

[Event "Early-Titled-Tuesday-Blitz-December-26-2023"]
[Site "Chess.com"]
[Date "2023.12.26"]
[Round "5"]
[White "biostatistician"]
[Black "bubeliang"]
[Result "1-0"]
[WhiteElo "2612"]
[BlackElo "2770"]
[TimeControl "180+1"]
[EndTime "8:57:00 PST"]
[Termination "biostatistician won by checkmate"]

1. d4 d5 2. Nf3 c5 3. c4 e6 4.
cxd5 exd5 5. Nc3 Nf6 6. Bg5 Be6 7. e3 c4 8. Ne5 Nbd7 9. Nxd7 Qxd7 10. Bxf6 gxf6 11.
Be2 Bb4 12. O-O O-O 13. Bf3 Bxc3 14. bxc3 f5 15. a4 b5 16. axb5 Qxb5 17. Qc2 Rfb8 18.
Rfb1 Qc6 19. g3 Rxb1+ 20. Qxb1 a5 21. Kg2 a4 22. Qb4 Kg7 23. Bd1 Bd7 24. Ra3 Qe6 25. Qb7 Bc6 26. Qc7 Rc8 27. Qf4 Qe4+ 28. Qf3 Rb8 29. Ra2 Qxf3+ 30. Kxf3 Rb3 31. Kf4 Kf6 32. f3 Bd7 33. h3 Rxc3 34. Bxa4 Be6 35. Bc6 Rb3 36.
Ra5 c3 37. Rc5 Rb4 38. g4 Rc4 39. Rxc4 dxc4 40. Ba4 fxg4 41. hxg4 h6 42. e4 Bc8 43. d5 Ke7 44. Ke5 f6+ 45. Kd4 Kd6 46. Bd1 Ba6 47. f4 Bb7 48. Kxc4 Ba6+ 49. Kd4 Bb7 50. Kxc3 Kc5 51. Bf3 Ba8 52. Kd3 Bb7 53. Ke3 Ba8 54. Kf2 Kd4 55. Kg3 Ke3 56. e5 fxe5 57. fxe5 Kd4 58.
e6 Bxd5 59. Bxd5 Ke5 60. e7 Kf6 61. e8=Q Kg5 62. Qe7+ Kg6 63. Be4# 1-0